 Dungeon Crawl Stone Soup version 0.21.1-1-g345015fe64 (webtiles) character file.

175 NullDivider the Sneak (level 5, 0/36 HPs)
             Began as an Octopode Assassin on May 5, 2018.
             Killed from afar by htuhola's ghost (16 damage)
             ... with a flame tongue
             ... on level 4 of the Dungeon.
             The game lasted 00:09:08 (2374 turns).

NullDivider the Sneak (Octopode Assassin)           Turns: 2374, Time: 00:09:09

Health: 0/36       AC:  1    Str: 10    XL:     5   Next: 55%
Magic:  5/5        EV: 14    Int: 13    God:
Gold:   162        SH:  0    Dex: 15    Spells: 4/4 levels left

rFire    . . .     SeeInvis .   A - +1 short sword (elec)
rCold    . . .     Gourm    .   (no shield)
rNeg     . . .     Faith    .   (helmet restricted)
rPois    .         Spirit   .   (no amulet)
rElec    .         Reflect  .   (no ring)
rCorr    .         Harm     .   (no ring)
MR       .....                  (no ring)
Stlth    ++++......             (no ring)
HPRegen  0.12/turn              (no ring)
MPRegen  0.09/turn              (no ring)
                                (no ring)
                                (no ring)

@: no status effects
A: almost no armour, stealthy swim, amphibious, 8 rings, constrict 8, camouflage
1, gelatinous body 1
a: no special abilities


You were on level 4 of the Dungeon.
You were hungry.

You visited 1 branch of the dungeon, and saw 4 of its levels.

You collected 162 gold pieces.

Inventory:

Hand Weapons
 a - a +2 dagger
 b - a +0 blowgun
 y - a +2 dagger of flaming
 A - a +1 short sword of electrocution (weapon)
Missiles
 c - 41 poisoned needles
 d - 2 curare-tipped needles
Jewellery
 l - a +2 ring of dexterity {unknown}
Wands
 x - a wand of paralysis (3)
Scrolls
 e - 2 scrolls of teleportation {unknown}
 g - 2 scrolls of remove curse {unknown}
 h - a scroll of magic mapping {unknown}
 m - a scroll of enchant weapon {unknown}
 n - 3 scrolls of identify {unknown}
 o - a scroll of blinking {unknown}
 p - a scroll of amnesia {unknown}
 r - a scroll of fear {unknown}
 v - a scroll of enchant armour {unknown}
Potions
 j - 3 potions of brilliance {unknown}
 k - a potion of lignification {unknown}
 q - 3 potions of agility {unknown}
 s - a potion of heal wounds {unknown}
 t - a potion of haste {unknown}
 u - a potion of ambrosia {unknown}
 w - 2 potions of might {unknown}
Comestibles
 f - 2 rations
 z - 6 chunks of flesh


   Skills:
 * Level 3.2 Fighting
 * Level 3.2 Short Blades
 + Level 2.5 Throwing
 * Level 2.7 Dodging
 + Level 5.9 Stealth


You had 4 spell levels left.
You didn't know any spells.

Dungeon Overview and Level Annotations

Branches:
Dungeon (4/15)
 Temple: D:4-7

Altars:
Yredelemnul

Shops:
D:4 }

Annotations:
D:4 htuhola's ghost, amateur DsFE


Innate Abilities, Weirdness & Mutations

You cannot wear most types of armour.
You are very stealthy in the water. (Stealth+)
You are amphibious.
You can wear up to eight rings at the same time.
You can use your tentacles to constrict eight enemies at once.
Your skin changes colour to match your surroundings (Stealth+).
Your rubbery body absorbs attacks. (AC +1, EV +1)


Message History

You are too injured to fight recklessly!
You are too injured to fight recklessly!
You are too injured to fight recklessly!
You are too injured to fight recklessly!
You are too injured to fight recklessly!
You are too injured to fight recklessly!
You are too injured to fight recklessly!
You are too injured to fight recklessly!
You are too injured to fight recklessly!
You are too injured to fight recklessly!
You are too injured to fight recklessly!
You are too injured to fight recklessly!
You are too injured to fight recklessly!
You are too injured to fight recklessly!
You are too injured to fight recklessly!
You are too injured to fight recklessly!
You are too injured to fight recklessly!
Htuhola's ghost gestures at you while chanting.
The flame tongue hits you!
You die...

#. #.....#
###'##.....#
#..........#
#..........#
#..........#
#......%...#
#.....W!...#
#..∩.......#
#......@...#
#.....#.####
#.....#.#
#.....#<#
#.....###
######


You could see htuhola's ghost.

Vanquished Creatures
  An orc priest (D:3)
  Ijyb (D:3)
  4 gnolls
  An adder (D:2)
  2 dart slugs
  A leopard gecko (D:3)
  8 orcs
  7 bats
  3 giant cockroaches
  7 hobgoblins
  A ball python (D:1)
  7 frilled lizards
  6 goblins
  7 kobolds
  8 rats
64 creatures vanquished.

Notes
Turn   | Place    | Note
-------+----------+-------------------------------------------
     0 | D:1      | NullDivider the Octopode Assassin began the quest for the Orb.
     0 | D:1      | Reached XP level 1. HP: 14/14 MP: 1/1
   141 | D:1      | Reached XP level 2. HP: 19/19 MP: 2/2
   391 | D:1      | Reached XP level 3. HP: 24/25 MP: 3/3
   970 | D:2      | Found a basalt altar of Yredelemnul.
  1379 | D:3      | Noticed Ijyb
  1380 | D:3      | Killed Ijyb
  1380 | D:3      | Reached XP level 4. HP: 30/30 MP: 4/4
  1950 | D:3      | Reached XP level 5. HP: 36/36 MP: 5/5
  2359 | D:4      | Noticed htuhola's ghost (amateur DsFE)
  2360 | D:4      | Found Jacor's Gadget Boutique.
  2374 | D:4      | Killed from afar by htuhola's ghost

Skill      XL: |  1  2  3  4 |
---------------+-------------+-----
Dodging        | 2 |  2.7
Fighting       | 3 |  3.2
Short Blades   | 3 |  3.2
Throwing       | |  2.5
Stealth        | |  5.9

Action                   |  1- 3 |  4- 6 || total
-------------------------+-------+-------++-------
Melee: Dagger            |    65 |    59 ||   124
       Constrict         |    13 |    16 ||    29
       Tentacles         |    10 |    12 ||    22
       Short sword       |       |     5 ||     5
 Stab: Sleeping          |    20 |     3 ||    23
       Distracted        |       |     1 ||     1
  Eat: Chunk             |     1 |     3 ||     4
Armor: Skin              |       |     1 ||     1
Dodge: Dodged            |    23 |    39 ||    62
